 Dungeon Crawl Stone Soup version 0.24-a0-230-g536ed4e33c (webtiles) character file.

Game seed: 16415133456744793177

99 Redear the Sneak (level 4, -2/27 HPs)
             Began as an Octopode Earth Elementalist on Apr 3, 2019.
             Slain by a sky beast (5 damage)
             ... on level 4 of the Dungeon.
             The game lasted 00:07:54 (2343 turns).

Redear the Sneak (Octopode Earth Elementalist)      Turns: 2343, Time: 00:07:54

Health: -2/27      AC:  1    Str:  7    XL:     4   Next: 72%
Magic:  2/8        EV: 14    Int: 18    God:
Gold:   173        SH:  0    Dex: 12    Spells: 2/8 levels left

rFire    . . .     SeeInvis .   a - +0 whip
rCold    . . .     Gourm    .   (no shield)
rNeg     . . .     Faith    .   (helmet restricted)
rPois    .         Spirit   .   (no amulet)
rElec    .         Reflect  .   (no ring)
rCorr    .         Harm     .   (no ring)
MR       .....                  (no ring)
Stlth    +++.......             (no ring)
HPRegen  0.09/turn              (no ring)
MPRegen  0.11/turn              (no ring)
                                (no ring)
                                (no ring)

@: no status effects
A: almost no armour, stealthy swim, amphibious, 8 rings, constrict 8, camouflage
1, gelatinous body 1
a: no special abilities


You were on level 4 of the Dungeon.
You were near starving.

You visited 1 branch of the dungeon, and saw 5 of its levels.

You collected 173 gold pieces.

Inventory:

Hand Weapons
 a - a +0 whip (weapon)
Missiles
 g - 3 throwing nets {=f}
 j - 14 poisoned needles
 q - 2 javelins
 Q - 21 stones (quivered)
Jewellery
 e - an uncursed ring of resist corrosion {unknown}
Scrolls
 h - a scroll of amnesia {unknown}
 i - 5 scrolls of identify
 o - 2 scrolls of enchant armour {unknown}
 r - a scroll of blinking {unknown}
 t - 2 scrolls of teleportation
Potions
 b - 2 potions of magic {unknown}
 d - a potion of berserk rage {unknown}
 f - 2 potions of agility {unknown}
 k - 2 potions of cancellation {unknown}
 l - 2 potions of heal wounds {unknown}
 m - a potion of resistance {unknown}
 p - a potion of curing {unknown}
 s - a potion of brilliance {unknown}
Comestibles
 c - 5 rations


   Skills:
 + Level 3.0 Dodging
 + Level 3.9 Stealth
 + Level 2.7 Spellcasting
 - Level 1.0 Transmutations
 + Level 3.7 Earth Magic


You had 2 spell levels left.
You knew the following spells:

 Your Spells              Type           Power        Failure   Level  Hunger
a - Sandblast             Erth           ###...       3%          1    None
w - Passwall              Tmut/Erth      ##......     10%         2    ##.....
x - Stone Arrow           Conj/Erth      #.....       24%         3    ###....

Your spell library contained the following spells:

 Spells                   Type           Power        Failure   Level  Hunger
 Petrify                  Tmut/Erth      ##......     54%         4    ####...
 Lee's Rapid Deconstruct  Erth           ###.......   71%         5    ######.


Dungeon Overview and Level Annotations

Branches:
Dungeon (5/15)
 Temple: D:4-7

Altars:
Makhleb
Nemelex Xobeh
Yredelemnul

Annotations:
D:4 exclusion: Grinder, Grinder, Sigmund


Innate Abilities, Weirdness & Mutations

You cannot wear most types of armour.
You are very stealthy in the water. (Stealth+)
You are amphibious.
You can wear up to eight rings at the same time.
You can use your tentacles to constrict eight enemies at once.
Your skin changes colour to match your surroundings (Stealth+).
Your rubbery body absorbs attacks. (AC +1, EV +1)


Message History

* * * LOW HITPOINT WARNING * * *
Deactivating autopickup; reactivate with Ctrl-A.
You take 8 damage, and have 13/27 hp.
MASSIVE DAMAGE!!
Unknown command.
Something hits you.
* * * LOW HITPOINT WARNING * * *
Something shocks you.
* * * LOW HITPOINT WARNING * * *
You take 7 damage, and have 6/27 hp.
MASSIVE DAMAGE!!
Okay, then.
As you read the scroll labeled FALAFR ZUORPH, it crumbles to dust.
It is a scroll of identify.
n - 2 scrolls of teleportation;
t - 2 scrolls of teleportation
i - 5 scrolls of identify;
g - 3 throwing nets {=f} Something hits you.
* * * LOW HITPOINT WARNING * * *
Something shocks you.
You die...

##### #.# ...# #.#
###.########### #.#
#.............# #.#
###.#######...####### #.########
#..................>####.#.......
###.#######............#.#.######
#.# ###.#........#.#.###### #.#
###.#.@......#.....[... #.#
#...#........#......... #.#
.#.#.....(..#.#.#####. #.#
#.#..........#.#.# ##. ..# #
#.#........#.#.# #<. ########
#.#........#.#.# #.. .......#
#.########.#.#.# #.. ######.# #.#
.#...# #.. #.# # #.# .########..


There were no monsters in sight!

Levels and vault maps discovered:
D:1:      dpeg_arrival_ternary, layout_basic
D:2:      layout_loops_corners, gammafunk_temple_overflow_wave
D:3:      layout_rooms, lemuel_doored_altar, chequers_ecumenical_altar_simple
D:4:      layout_basic, first_ration, lightli_corner_chamber, uniq_grinder,
          uniq_sigmund
D:5:      layout_loops_ring, kiku_gazebo_garden_becter, nicolae_ru_awakened_eye,
          minmay_temple_entry_junction_2, grunt_ministairs_7,
          lemuel_altar_in_water

Notes
Turn   | Place    | Note
-------+----------+-------------------------------------------
     0 | D:1      | Redear the Octopode Earth Elementalist began the quest for
                  | the Orb.
     0 | D:1      | Reached XP level 1. HP: 11/11 MP: 3/3
    26 | D:1      | Identified a +0 whip
    69 | D:1      | Identified a +0 club
    88 | D:1      | HP: 2/11 [goblin (3)]
    91 | D:1      | Reached skill level 3 in Stealth
    91 | D:1      | Reached XP level 2. HP: 4/17 MP: 1/5
   234 | D:1      | Identified a +0 club
   323 | D:1      | Reached XP level 3. HP: 18/21 MP: 3/6
   366 | D:1      | Learned a level 3 spell: Stone Arrow
   369 | D:1      | Learned a level 2 spell: Passwall
   430 | D:1      | Identified a +0 club
   650 | D:2      | Identified a +0 club
   657 | D:2      | Identified a +0 dagger
   675 | D:2      | Identified a +0 club
   887 | D:2      | Found a burning altar of Makhleb.
   887 | D:2      | Found a basalt altar of Yredelemnul.
  1027 | D:2      | Identified a +0 short sword
  1059 | D:2      | Reached XP level 4. HP: 27/27 MP: 3/7
  1094 | D:2      | Identified a +0 short sword
  1145 | D:2      | Identified a +0 dagger
  1423 | D:3      | Found a sparkling altar of Nemelex Xobeh.
  1521 | D:3      | Identified a +0 ring mail
  1573 | D:3      | Found a faded altar of an unknown god.
  1811 | D:3      | Reached skill level 3 in Dodging
  2097 | D:4      | Identified a +0 scythe
  2097 | D:4      | Identified a +0 robe
  2097 | D:4      | Noticed Sigmund
  2162 | D:4      | Noticed Grinder
  2179 | D:4      | Noticed a phantom
  2309 | D:5      | Entered Level 5 of the Dungeon
  2324 | D:5      | Noticed a sky beast
  2342 | D:4      | HP: 6/27 [something (5)]
  2343 | D:4      | Identified 6 scrolls of identify
  2343 | D:4      | Identified 2 scrolls of teleportation
  2343 | D:4      | Slain by a sky beast

Table legend:
 A = Turns spent in this place as a percentage of turns spent in the entire game.
 B = Non-inter-level travel turns spent in this place as a percentage of non-inter-level travel turns spent in the entire game.
 C = Inter-level travel turns spent in this place as a percentage of turns spent in this place.
 D = Turns resting spent in this place as a percentage of non-inter-level travel turns spent in this place.
 E = Turns spent auto-exploring this place as a percentage of non-inter-level travel turns spent in this place.
 F = Non-inter-level travel turns spent in this place divided by the number of levels of this place that you've seen.
                   A       B       C       D       E      F
               +-------+-------+-------+-------+-------+----------------------
         Total | 100.0 | 100.0 |   3.8 |   2.1 |  61.1 | 451.0
       Dungeon | 100.0 | 100.0 |   3.8 |   2.1 |  61.1 | 451.0
               +-------+-------+-------+-------+-------+----------------------

Table legend:
 A = Kills in this place as a percentage of kills in entire the game.
 B = Kills by you in this place as a percentage of kills by you in the entire game.
 C = Kills by friends in this place as a percentage of kills by friends in the entire game.
 D = Other kills in this place as a percentage of other kills in the entire game.
 E = Experience gained in this place as a percentage of experience gained in the entire game.
 F = Experience gained in this place divided by the number of levels of this place that you have seen.
                   A       B       C       D       E      F
               +-------+-------+-------+-------+-------+----------------------
         Total | 100.0 | 100.0 |   N/A |   N/A | 100.0 |  28.4
       Dungeon | 100.0 | 100.0 |   N/A |   N/A | 100.0 |  28.4
               +-------+-------+-------+-------+-------+----------------------

Skill      XL: |  1  2  3  4 |
---------------+-------------+-----
Stealth        | 3 |  3.9
Dodging        | 3 |  3.0
Spellcasting   | |  2.7
Transmutations | |  1.0
Earth Magic    | |  3.7

Action                   |  1- 3 |  4- 6 || total
-------------------------+-------+-------++-------
Melee: Whip              |     1 |    30 ||    31
       Constrict         |       |     9 ||     9
       Tentacles         |       |     8 ||     8
 Cast: Sandblast         |    49 |    16 ||    65
       Stone Arrow       |       |    10 ||    10
  Use: Scroll            |       |     1 ||     1
  Eat: Chunk             |     1 |     3 ||     4
Armor: Skin              |     4 |     2 ||     6
Dodge: Dodged            |     7 |    25 ||    32

Vanquished Creatures
  2 adders
  An ooze (D:1)
  3 worms
  2 dart slugs
  4 leopard geckos
  7 bats
  2 giant cockroaches
  11 goblins
  2 hobgoblins
  7 jackals (D:3)
  A quokka (D:2)
  4 frilled lizards
  5 kobolds
  8 rats
59 creatures vanquished.
